Map: Daybreak LE (Void)

Players

Gorod - Winner!

  • Race: Zerg Zerg
  • League: Diamond
  • Spawn Location: 7:00

JiMmY92

  • Race: Protoss Protoss
  • League: Diamond
  • Spawn Location: 1:00

VOD

Have the link to the VOD?

Description

Time

  • Played on: Dec. 15, 2016, 12:58 p.m.
  • Length: 11:25
Show
View Real Time Build Order
Export as new Build Order

Gorod Zerg - Winner!

Build Orders: Hatch First 

Get SALT Encoding   

  12  0:01  Drone  
  13  0:10  Drone  
  14  0:22  Drone, Extractor  
  15  0:47  Hatchery  
  14  0:51  Drone, Extractor  
  15  1:05  Spawning Pool, Extractor  
  13  1:12  Extractor  
  13  1:13  Drone  
  13  1:17  Drone  
  14  1:21  Extractor  
  14  1:22  Drone  
  15  1:29  Overlord  
  15  1:47  Drone x2  
  15  1:51  Queen  
  19  2:05  Metabolic Boost  
  19  2:12  Queen  
  21  2:24  Zergling x4  
  23  2:37  Overlord  
  23  2:43  Drone x4  
  27  2:58  Drone x3  
  27  3:00  Drone x3  
  27  3:04  Overlord  
  33  3:14  Zergling x2  
  33  3:15  Zergling x2  
  35  3:21  Queen  
  36  3:40  Zergling x12  
  42  3:46  Drone x2  
  44  3:51  Overlord  
  44  3:55  Overlord  
  44  3:59  Hatchery  
  43  4:11  Drone  
  43  4:12  Drone x4  
  43  4:14  Lair  
  48  4:20  Roach Warren  
  48  4:21  Extractor  
  45  4:35  Drone x5, Extractor  
  45  4:36  Extractor  
  48  4:49  Drone x7  
  55  4:55  Spore Crawler  
  43  5:17  Drone x8  
  43  5:18  Drone  
  49  5:22  Spore Crawler  
  48  5:30  Drone  
  48  5:31  Drone x2  
  51  5:36  Roach x2  
  51  5:37  Glial Reconstitution  
  51  5:41  Spore Crawler  
  54  5:45  Hydralisk Den  
  54  5:47  Evolution Chamber  
  54  5:49  Drone x3  
  55  6:00  Overlord x2  
  55  6:13  Zerg Missile Weapons Level 1  
  55  6:16  Muscular Augments  
  61  6:21  Roach  
  63  6:30  Roach x8  
  73  6:33  Overlord  
  73  6:51  Hydralisk x4  
  71  7:16  Hydralisk x6  
  77  7:25  Roach x2  
  79  7:33  Roach  
  79  7:34  Roach  
  79  7:36  Overlord x3  
  77  7:53  Overlord x3  
  77  7:55  Roach  
  77  7:56  Roach x6  
  79  8:16  Roach x6  
  83  8:31  Roach  
  83  8:32  Roach x4  
  89  8:44  Drone  
  89  8:45  Drone  
  89  8:48  Drone x3  
  92  8:49  Extractor  
  92  8:50  Hatchery  
  92  8:51  Zerg Missile Weapons Level 2  
  92  8:53  Extractor  
  92  8:55  Drone  
  92  9:00  Drone  
  93  9:11  Zergling x2  
  93  9:13  Zergling x2  
  95  9:18  Ravager  
  95  9:19  Ravager  
  95  9:20  Ravager  
  95  9:21  Ravager x2  
  95  9:23  Ravager x2  
  102  9:25  Ravager x3  
  105  9:33  Zergling x14  
  102  9:53  Hydralisk x6  
  92  10:31  Roach x13  
  99  10:44  Roach x3  
Show
View Real Time Build Order
Export as new Build Order

JiMmY92 Protoss 

Build Orders: 1 Gate Expand, Oracle Opening 

Get SALT Encoding   

  12  0:01  Probe (Chrono Boost)  
  13  0:11  Probe (Chrono Boost)  
  14  0:18  Pylon  
  14  0:22  Probe (Chrono Boost)  
  15  0:36  Probe (Chrono Boost)  
  15  0:38  Gateway  
  16  0:44  Assimilator  
  16  0:47  Probe (Chrono Boost)  
  17  0:57  Probe (Chrono Boost)  
  18  1:08  Probe (Chrono Boost)  
  20  1:18  Probe (Chrono Boost)  
  20  1:29  Nexus  
  20  1:31  Probe (Chrono Boost)  
  21  1:43  Cybernetics Core  
  21  1:46  Probe (Chrono Boost)  
  22  1:57  Probe (Chrono Boost)  
  23  2:06  Pylon  
  23  2:09  Assimilator  
  23  2:11  Assimilator  
  23  2:20  Warp Gate  
  23  2:24  Adept, Mothership Core (Chrono Boost)  
  27  2:43  Probe (Chrono Boost)  
  28  2:47  Gateway x2  
  28  2:52  Probe (Chrono Boost)  
  28  2:53  Probe (Chrono Boost)  
  30  3:00  Adept  
  30  3:02  Probe (Chrono Boost)  
  30  3:04  Probe (Chrono Boost)  
  34  3:09  Stargate  
  34  3:13  Probe (Chrono Boost)  
  34  3:19  Probe (Chrono Boost)  
  36  3:23  Probe (Chrono Boost)  
  35  3:40  Probe x2 (Chrono Boost)  
  37  3:44  Adept  
  37  3:45  Adept x2  
  37  3:48  Assimilator  
  45  3:56  Oracle  
  46  4:07  Pylon  
  46  4:09  Pylon  
  46  4:25  Probe (Chrono Boost)  
  46  4:26  Probe (Chrono Boost)  
  46  4:29  Adept x3  
  53  4:36  Gateway  
  53  4:39  Void Ray  
  57  4:46  Probe (Chrono Boost)  
  57  4:48  Probe (Chrono Boost)  
  60  5:00  Adept x2, Probe (Chrono Boost)  
  60  5:12  Adept  
  56  5:26  Nexus  
  56  5:34  Probe (Chrono Boost)  
  58  5:35  Probe (Chrono Boost)  
  58  5:37  Sentry  
  58  5:38  Sentry  
  62  5:48  Pylon  
  62  5:52  Pylon  
  62  6:00  Void Ray  
  62  6:06  Sentry  
  62  6:07  Probe (Chrono Boost)  
  69  6:12  Sentry x2  
  73  6:22  Pylon  
  73  6:24  Probe (Chrono Boost)  
  73  6:25  Assimilator, Probe (Chrono Boost)  
  75  6:30  Adept  
  77  6:34  Probe (Chrono Boost)  
  79  6:40  Probe (Chrono Boost)  
  79  6:41  Probe (Chrono Boost)  
  79  6:45  Probe (Chrono Boost)  
  81  6:50  Adept x4  
  81  6:52  Probe (Chrono Boost)  
  77  7:22  Adept  
  77  7:23  Adept x3  
  83  7:38  Probe x2 (Chrono Boost)  
  83  7:39  Probe (Chrono Boost)  
  86  7:45  Assimilator  
  86  7:48  Probe x2 (Chrono Boost)  
  86  7:50  Assimilator  
  89  7:51  Gateway, Probe (Chrono Boost)  
  89  7:53  Gateway, Pylon  
  89  7:55  Gateway  
  89  7:57  Gateway  
  87  7:59  Probe (Chrono Boost)  
  87  8:02  Stalker x3  
  93  8:05  Probe (Chrono Boost)  
  71  8:27  Adept x4  
  65  8:32  Void Ray  
  67  8:43  Probe (Chrono Boost)  
  67  8:44  Probe (Chrono Boost)  
  70  8:51  Mothership Core (Chrono Boost)  
  70  8:52  Adept x4  
  79  9:00  Pylon  
  79  9:01  Adept x2, Sentry x2  
  87  9:06  Pylon  
  87  9:13  Adept x2, Probe x3 (Chrono Boost)  
  87  9:14  Adept x2  
  98  9:20  Twilight Council  
  98  9:23  Probe x2 (Chrono Boost)  
  101  9:24  Sentry, Probe (Chrono Boost)  
  101  9:25  Sentry x2  
  101  9:26  Sentry  
  109  9:34  Probe x3 (Chrono Boost)  
  112  9:44  Adept x3, Probe (Chrono Boost)  
  117  9:51  Adept x2  
  117  9:56  Pylon  
  117  10:00  Pylon  
  117  10:01  Adept  
  113  10:08  Adept x2  
  113  10:09  Adept  
  117  10:15  Probe x2 (Chrono Boost)  
  117  10:17  Pylon  
  109  10:24  Adept x2  
  109  10:25  Adept  
  91  10:31  Stalker  
  91  10:32  Stalker x2  
  73  10:38  Probe (Chrono Boost)  
  73  10:39  Probe x2 (Chrono Boost)  
  65  10:49  Probe (Chrono Boost)  
  55  10:51  Probe x2 (Chrono Boost)  
  50  10:57  Adept x2  
  50  10:59  Probe (Chrono Boost)  
  50  11:02  Probe x2 (Chrono Boost)  
Tags
 
Add a new tag
Caveats
  • Supply blocks, unpowered buildings, or Contaminate may cause inaccurate times.
  • Supply counts are checked every 10 seconds.